 Dungeon Crawl Stone Soup version 0.31-a0-557-g6e16503903 (webtiles) character file.

Game seed: 7434205693070277661

256 javelincjr the Conjurer (level 6, -2/36 HPs)
             Began as an Octopode Conjurer on Aug 16, 2023.
             Slain by justen's ghost (12 damage)
             ... on level 4 of the Dungeon.
             The game lasted 00:10:30 (3964 turns).

javelincjr the Conjurer (Octopode Conjurer)         Turns: 3964, Time: 00:10:31

Health: -2/36      AC:  1    Str:  7      XL:     6   Next: 15%
Magic:  19/19      EV: 13    Int: 22      God:
Gold:   257        SH:  0    Dex:  9 (10) Spells: 8/11 levels left

rFire   . . .        o - +4 dagger
rCold   . . .        (no shield)
rNeg    . . .        (helmet restricted)
rPois   .            (no amulet)
rElec   .            k - ring of magical power
rCorr   +            n - ring of resist corrosion
SInv    .            (no ring)
Will    .....        (no ring)
Stlth   ++++         (no ring)
HPRegen 0.26/turn    (no ring)
MPRegen 0.16/turn    (no ring)
                     (no ring)

%: no passive effects
@: no status effects
A: almost no armour, amphibious, 8 rings, camouflage 1, gelatinous body 1,
(nimble swimmer 1), tentacles
a: no special abilities


You were on level 4 of the Dungeon.
You visited 1 branch of the dungeon, and saw 4 of its levels.

You collected 257 gold pieces.

Inventory:

Hand Weapons
 o - a +4 dagger (weapon)
Missiles
 i - 12 poisoned darts
Magical Staves
 g - a staff of earth
Jewellery
 k - a ring of magical power (left tentacle)
 n - a ring of resist corrosion (right tentacle)
Scrolls
 c - 7 scrolls of identify {unknown}
 d - 2 scrolls of immolation {unknown}
 e - a scroll of poison {unknown}
 h - 4 scrolls of teleportation {unknown}
 j - a scroll of noise {unknown}
Potions
 a - a potion of magic
 b - a potion of haste {unknown}
 f - 2 potions of brilliance {unknown}
 l - a potion of heal wounds {unknown}
 m - a potion of curing {unknown}


   Skills:
 + Level 3.4 Dodging
 + Level 5.0 Stealth
 + Level 3.3 Spellcasting
 + Level 5.0 Conjurations


You had 8 spell levels left.
You knew the following spells:

 Your Spells              Type           Power      Damage    Failure   Level
a - Magic Dart            Conj           100%       1d8       1%          1
b - Searing Ray           Conj           50%        2d6       2%          2

Your spell library contained the following spells:

 Spells                   Type           Power      Damage    Failure   Level
 Dazzling Flash           Conj/Hex       28%        N/A       13%         3
 Portal Projectile        Hex/Tloc       6%         N/A       36%         3
 Tukima's Dance           Hex            3%         N/A       36%         3
 Fulminant Prism          Conj/Hex       7%         3d7       38%         4
 Iskenderun's Mystic Bla  Conj/Tloc      14%        2d5       38%         4


Dungeon Overview and Level Annotations

Branches:
Dungeon (4/15)
 Temple: D:4-7

Altars:

Annotations:
D:4 justen's ghost, amateur TrDe


Innate Abilities, Weirdness & Mutations

You cannot wear most types of armour.
You are amphibious.
You can wear up to eight rings at the same time.
Your skin changes colour to match your surroundings (Stealth+).
Your rubbery body absorbs attacks. (AC +1, EV +1)
((You are camouflaged when in or above water. (Stealth+)))
You have tentacles for arms and can constrict up to eight enemies at once.


Message History

The magic dart hits the worm.
The worm is lightly wounded.
The magic dart hits the worm but does no damage.
The worm is lightly wounded.
The magic dart hits the worm!
The worm is heavily wounded.
The magic dart hits the worm.
The worm is severely wounded.
The magic dart hits the worm!
You kill the worm!
You can't see any susceptible monsters within range! (Use Z to cast anyway.)
Found a dagger.
The frilled lizard hisses angrily.
The quasit gives a chilling moan.
There is a transporter here.
You now have 257 gold pieces (gained 17).
Found a transporter.
You see here a +0 ring mail.
You see here a +0 dagger.
There is an escape hatch in the ceiling here.
The frilled lizard hisses angrily.
Partly explored, unvisited transporter.
Partly explored, unvisited transporter.
There is an escape hatch in the ceiling here.
Search for what [Enter for "."]? .
The quasit gives a chilling moan.
You hear a chilling moan.
There is a transporter here.
Okay, then.
There is a transporter here.
You enter the transporter and appear at another place.
Justen's ghost hits you! Justen's ghost hits you! The quasit bites you.
You feel clumsy. The quasit claws you.
* * * LOW HITPOINT WARNING * * *
The quasit closely misses you.
There is a transporter here.
You enter the transporter and appear at another place.
Justen's ghost hits you!
You die...

#..................
##.#####..[....#.##.
#..#.....###.....###
#.#..#####.##....#
#...##......#....##
#..##....#..##....#
#..#©..#...# #.##.##
#..##.5##.#. #...<..
#.5@#.#...#.##.#..##
##W##.....#$#..##..#
#.#...#©.=?#§..##..
#.#.#...#..#......#
#.##.#.....##......
#..#...#.#..#..#...
##.#...#.#..#......
#.#.......##.##...
#.###...###..###..


You could see a quasit and justen's ghost.

Vanquished Creatures
  2 hounds (D:4)
  A jelly (D:4)
  Terence (D:3)
  2 orc wizards
  3 worms
  A dart slug (D:1)
  8 orcs
  8 ball pythons
  4 bats
  6 endoplasms
  3 giant cockroaches
  8 goblins
  5 hobgoblins
  A jackal (D:2)
  7 kobolds
  A quokka (D:2)
  2 frilled lizards
  8 rats
71 creatures vanquished.

Notes
Turn   | Place    | Note
-------+----------+-------------------------------------------
     0 | D:1      | javelincjr the Octopode Conjurer began the quest for the
                  | Orb.
     0 | D:1      | Reached XP level 1. HP: 11/11 MP: 3/3
   200 | D:1      | Reached XP level 2. HP: 17/17 MP: 3/5
   900 | D:1      | Reached XP level 3. HP: 21/21 MP: 1/6
  1238 | D:1      | Learned a level 2 spell: Searing Ray
  1743 | D:2      | Reached XP level 4. HP: 7/27 MP: 0/7
  2378 | D:3      | Noticed Terence
  2384 | D:3      | Killed Terence
  2732 | D:3      | Reached XP level 5. HP: 31/31 MP: 9/9
  3433 | D:4      | Reached XP level 6. HP: 36/36 MP: 2/10
  3567 | D:4      | Reached skill level 5 in Stealth
  3567 | D:4      | Reached skill level 5 in Conjurations
  3601 | D:4      | Found a transporter.
  3727 | D:4      | Noticed justen's ghost (amateur TrDe)
  3762 | D:4      | Found a transporter.
  3964 | D:4      | Slain by justen's ghost

Illustrated notes

Levels and vault maps discovered:
D:1:      lightli_arrival_lavapool, layout_loops_corners
D:2:      layout_loops_ring, minmay_cupped
D:3:      layout_loops_ring, uniq_terence
D:4:      layout_rooms, gammafunk_ghost_stat_death, serial_aquarium,
          aquarium_bridge_square [aquarium_subvault_wall,
          aquarium_subvault_bridge, aquarium_subvault_balcony,
          aquarium_subvault_bridge], aquarium_bridge_square
          [aquarium_subvault_wall, aquarium_subvault_bridge,
          aquarium_subvault_wall, aquarium_subvault_wall], aquarium_window_fake,
          aquarium_window_fake, aquarium_window_corner, aquarium_view_2d

Skill      XL: |  1  2  3  4  5  6 |
---------------+-------------------+-----
Stealth        | 3 4 5 |  5.0
Dodging        | 3 |  3.4
Spellcasting   | 3 |  3.3
Conjurations   | 5 |  5.0

Action                     |  1- 3 |  4- 6 || total
---------------------------+-------+-------++-------
  Melee: Unarmed           |    11 |       ||    11
         Tentacles         |     3 |       ||     3
         Constrict         |     2 |       ||     2
         Staff             |     3 |       ||     3
   Cast: Magic Dart        |    73 |    78 ||   151
         Searing Ray       |     1 |     3 ||     4
 Armour: Skin              |     5 |     1 ||     6
  Dodge: Dodged            |    17 |     8 ||    25

Table legend: (Time is in decaauts)
 A = Elapsed time spent in this place.
 B = Non-inter-level travel time spent in this place.
 C = Inter-level travel time spent in this place.
 D = Time resting spent in this place.
 E = Time spent auto-exploring this place.
 F = Levels seen in this place.
 G = Mean time per level.
                   A        B        C        D        E       F      G
               +--------+--------+--------+--------+--------+-----+--------+
         Total |   3961 |   3818 |    143 |      0 |   3330 |   4 |  990.2 |
       Dungeon |   3961 |   3818 |    143 |      0 |   3330 |   4 |  990.2 |
               +--------+--------+--------+--------+--------+-----+--------+

Top non-repeatable levels by time:
     D:1: 1386 daAuts
     D:2: 982 daAuts
     D:4: 819 daAuts
     D:3: 773 daAuts
